 Dungeon Crawl Stone Soup version 0.24.0-1-gfbc8707 (webtiles) character file.

Game seed: 301532443675485309, levelgen mode: deterministic

220417 sanboga the Peltast (level 19, -7/124 HPs)
             Began as a Gargoyle Berserker on Nov 7, 2019.
             Was the Champion of Trog.
             Killed from afar by Ilsuiw (46 damage)
             ... with a shard of ice
             ... on level 4 of the Shoals.
             The game lasted 00:56:31 (34355 turns).

sanboga the Peltast (Gargoyle Berserker)           Turns: 34355, Time: 00:56:32

Health: -7/124     AC: 47    Str: 31    XL:     19   Next: 17%
Magic:  19/19      EV:  9    Int:  9    God:    Trog [******]
Gold:   1187       SH: 18    Dex:  9    Spells: 18/18 levels left

rFire    + . .     SeeInvis .   a - +9 broad axe (chop)
rCold    . . .     Gourm    .   x - +0 shield
rNeg     + . .     Faith    .   K - +1 plate armour {rF+}
rPois    ∞         Spirit   .   (no helmet)
rElec    +         Reflect  +   y - +1 cloak {+Inv}
rCorr    .         Harm     .   u - +3 pair of gauntlets of War {Slay+5}
MR       +....                  l - +2 pair of boots {run}
Stlth    ..........             t - +2 amulet of reflection
HPRegen  0.30/turn              k - +4 ring of protection
MPRegen  0.16/turn              s - +3 ring of strength

@: flying, mesmerised, quick
A: big wings, negative energy resistance 1, electricity resistance, unbreathing,
petrification resistance, rot immunity, AC +14
}: 1/15 runes: gossamer
a: Stop Flying, Berserk, Trog's Hand, Brothers in Arms, Renounce Religion, Evoke
Invisibility


You were on level 4 of the Shoals.
You worshipped Trog.
Trog was exalted by your worship.
You were not hungry.

You visited 5 branches of the dungeon, and saw 31 of its levels.
You visited the Abyss 1 time.
You also visited: Gauntlet and Volcano.

You collected 3030 gold pieces.
You spent 1843 gold pieces at shops.

Inventory:

Hand Weapons
 a - a +9 broad axe of chopping (weapon)
 b - a +3 broad axe of freezing
Armour
 l - a +2 pair of boots of running (worn)
 u - the +3 pair of gauntlets of War (worn) {Slay+5}
   (You found it in a Gauntlet)

   It affects your accuracy and damage with ranged weapons and melee attacks
   (+5).
 x - a +0 shield (worn)
 y - a +1 cloak of invisibility (worn)
 K - a +1 plate armour of fire resistance (worn)
Jewellery
 k - a +4 ring of protection (left hand)
 p - an uncursed ring of ice
 s - a +3 ring of strength (right hand)
 t - a +2 amulet of reflection (around neck)
 A - an uncursed ring of protection from fire
 B - the ring "Duuneh" {Ice +Blink rN+}
   (You found it on level 1 of the Spider Nest)

   [ring of ice]

   It enhances your ice magic.
   It makes you vulnerable to fire.
   It protects you from cold.
   It protects you from negative energy.
   It lets you blink.
 N - a cursed ring of teleportation {unknown}
 O - an uncursed ring of protection from fire
Wands
 h - a wand of polymorph (3)
 m - a wand of flame (71)
 n - a wand of disintegration (6)
 w - a wand of paralysis (5)
 C - a wand of iceblast (24)
 D - a wand of enslavement (18)
 E - a wand of random effects (39)
 F - a wand of clouds (6)
 P - a wand of digging (6)
Scrolls
 f - 9 scrolls of blinking
 o - 2 scrolls of enchant weapon
 q - 8 scrolls of fog
 r - 11 scrolls of remove curse
 z - 6 scrolls of magic mapping
 G - 5 scrolls of fear
 H - 7 scrolls of teleportation
 I - 4 scrolls of enchant armour
 M - a scroll of silence
Potions
 d - 2 potions of heal wounds
 e - 5 potions of haste
 g - 10 potions of curing
 i - 2 potions of invisibility
 j - 4 potions of might
 v - a potion of cancellation
 J - 3 potions of resistance
 Q - 2 potions of mutation {unknown}
Comestibles
 c - 61 rations


   Skills:
 + Level 15.3 Fighting
 * Level 17.8 Axes
 + Level 15.2 Armour
 - Level 1.5 Dodging
 * Level 19.7 Shields


You had 18 spell levels left.
You didn't know any spells.
Your spell library was empty.

Dungeon Overview and Level Annotations

Branches:
Dungeon (15/15)            Temple (0/1) D:6            Lair (6/6) D:8
 Shoals (4/4) Lair:2       Spider (4/4) Lair:3        Slime (0/5) Lair:6
    Orc (2/2) D:9             Elf (0/3) Orc:2        Vaults (0/5) D:14
 Depths (0/5) D:15        Volcano (visited)         Gauntlet (visited)

Altars:
Dithmenos
Elyvilon
Nemelex Xobeh
Qazlal
Ru
Sif Muna
Uskayaw
Vehumet
Yredelemnul
The Shining One

Shops:
D:5 [   D:8 (   D:12 *   D:13 *   D:15 [   Orc:2 [:*[

Annotations:
Shoals:4 Ilsuiw
Spider:4 exclusion: 3 doors
Orc:2 3 exclusions


Innate Abilities, Weirdness & Mutations

You are resistant to torment.
Your stone body is resilient. (AC +14)
You are immune to poison.
Your large and strong wings let you fly indefinitely.
You resist negative energy. (rN+)
You are resistant to electric shocks. (rElec)
You can survive without breathing.
You are immune to petrification.
You are immune to rotting.


Message History

Your plate armour prevents you from hitting something.
You block something's attack.
The merfolk siren hits you but does no damage.
You closely miss something. You block something's attack.
You hit something but do no damage.
The merfolk siren chants its luring song.
You hit something. Something hits you but does no damage.
The merfolk siren chants its luring song.
You slice something!!
The tide is released from Ilsuiw's call.
You block something's attack.
You miss something.
The merfolk siren hits you but does no damage.
You slash something! Something hits you but does no damage.
The merfolk siren chants its luring song.
You miss something.
You hear some strange, mumbled words.
A shard of ice appears from out of thin air!
The shard of ice hits you!!!
You die...

#########################
≈≈≈≈≈≈≈≈≈≈≈≈≈≈≈≈≈≈≈≈≈≈≈≈≈
≈≈≈≈≈≈≈≈≈≈≈≈≈≈≈≈@≈≈≈≈≈≈≈≈
≈≈≈≈≈≈≈≈≈≈≈≈≈≈≈≈≈{≈≈≈≈≈≈≈
≈≈≈≈≈≈≈≈≈≈≈≈≈≈≈≈m≈≈≈≈≈≈≈≈
≈≈≈≈≈≈≈≈†≈≈≈≈≈≈≈≈≈≈≈≈≈≈≈≈
≈≈≈≈≈≈≈≈≈P≈≈P≈≈≈≈≈≈≈≈≈≈≈≈
≈≈##≈##≈#≈P≈≈≈≈≈≈≈≈≈≈≈≈≈≈
≈≈ ## ###≈≈P≈P≈≈≈≈≈≈≈≈≈≈≈
# ##≈≈P≈≈≈≈≈≈≈≈≈≈≈
#≈≈≈≈≈≈≈≈


You could see a merfolk siren.

Vanquished Creatures
  Arachne (Spider:4)
  Jorgrun (D:15)
  3 krakens
  Gastronok (Lair:2)
  5 ghost moths
  3 emperor scorpions
  A stone giant (Orc:1)
  4 entropy weavers
  A dire elephant (Gauntlet)
  A minotaur (Gauntlet)
  2 spark wasps (Spider:4)
  A death ooze (Gauntlet)
  3 merfolk impalers
  Snorg (Orc:2)
  5 merfolk javelineers (Shoals:4)
  A rakshasa (D:15)
  Fannar (D:10)
  Erica (D:10)
  A merfolk avatar (Shoals:4)
  7 hydras
  3 catoblepae (Lair:6)
  2 ogre magi (D:15)
  2 centaur warriors
  A death scarab (Gauntlet)
  4 merfolk aquamancers
  16 death yaks
  A satyr (Shoals:3)
  A tengu warrior (D:15)
  13 two-headed ogres
  Urug (D:11)
  3 orc high priests (Orc:2)
  A shock serpent (shapeshifter) (D:14)
  4 skeletal warriors
  A fire crab (Volcano)
  6 slime creatures
  A spectral death yak (Gauntlet)
  2 unseen horrors
  A deep troll (D:14)
  The ghost of jiveturtle the Slicer, a novice VSFi of Uskayaw (D:8)
  14 sea snakes
  A glowing orange brain (D:15)
  A lindwurm (Volcano)
  2 wolf spider zombies
  8 harpies (Shoals:2)
  18 orb spiders
  2 harpies (shapeshifter) (D:15)
  5 orc knights
  11 ugly things
  3 deep elf magi (D:14)
  3 orc sorcerers (Orc:2)
  28 wolf spiders
  20 fauns
  4 elephants
  13 manticores
  3 oklob plants (Lair:1)
  A shining eye (shapeshifter) (D:14)
  5 cyclopes
  5 moths of wrath
  3 black mambas
  6 merfolk sirens
  8 spiny frogs
  4 water nymphs
  2 torpor snails
  2 gargoyles (D:14)
  A minotaur zombie (Gauntlet)
  4 rime drakes
  2 freezing wraiths (D:13)
  13 komodo dragons
  11 demonic crawlers
  9 trolls
  22 merfolk
  3 polar bears
  26 jumping spiders
  3 tengu conjurers
  3 blink frogs (Lair:3)
  10 hornets
  2 wind drakes (Shoals:2)
  A queen bee (Lair:1)
  A harpy skeleton (D:15)
  A meliai (D:14)
  3 dream sheep (Lair:6)
  Grinder (D:6)
  11 hippogriffs
  7 snapping turtles
  Sigmund (D:5)
  A centaur simulacrum (D:15)
  88 redbacks
  A wyvern (shapeshifter) (D:14)
  9 water elementals
  35 tarantellas
  2 yaks (shapeshifter)
  2 shadows
  2 vampires
  44 yaks
  2 wraiths (D:13)
  10 fire bats (Volcano)
  The ghost of MrDNA the Cudgeler, an amateur DrWn (D:3)
  2 hogs (shapeshifter)
  6 wyverns
  3 steam dragons (Volcano)
  A basilisk (D:14)
  3 vampire mosquitoes (D:14)
  2 hungry ghosts
  7 wargs
  15 water moccasins
  A hell hound (Volcano)
  An acid dragon (D:12)
  11 porcupines
  24 orc warriors
  2 sky beasts
  11 ice beasts
  6 phantoms
  2 black bears
  9 ogres
  An eye of draining (shapeshifter) (D:14)
  A necrophage (D:12)
  5 eyes of draining
  9 wolves
  11 centaurs
  15 crocodiles
  3 big kobolds
  Blork the orc (D:6)
  23 bullfrogs
  A wyvern zombie (D:14)
  2 wyvern skeletons
  4 scorpions
  40 killer bees
  2 electric eels (Lair:4)
  7 lava snakes (Volcano)
  7 crimson imps
  7 howler monkeys
  4 centaur zombies
  A quasit (D:8)
  A bullfrog zombie (D:8)
  3 hounds
  20 orc priests
  3 jellies
  21 orc wizards
  9 centaur skeletons
  A bullfrog skeleton (D:5)
  11 iguanas
  3 hell rats
  A statue (D:9)
  8 worker ants
  A killer bee zombie (D:10)
  2 hound skeletons (D:10)
  4 worker ant zombies
  7 gnolls
  15 adders
  8 river rats
  7 shadow imps
  An ooze (D:5)
  An adder zombie (D:6)
  3 worms
  4 dart slugs
  6 leopard geckos
  78 orcs
  2 ball pythons
  A giant cockroach (D:5)
  3 goblins
  5 hobgoblins
  14 jackals
  15 kobolds
  9 quokkas
  12 bats
  7 frilled lizards
  A leopard gecko skeleton (D:5)
  A leopard gecko zombie (D:5)
  A quokka skeleton (D:6)
  20 rats
  5 fungi
  12 plants
  7 tentacles
  A withered plant (Gauntlet)
1196 creatures vanquished.

Vanquished Creatures (collateral kills)
  2 hydras (D:12)
  A death knight (D:12)
  An ugly thing (D:14)
  An ogre (D:12)
  3 centaurs (D:12)
  A bullfrog (D:12)
  A jelly (D:12)
10 creatures vanquished.

Vanquished Creatures (others)
  A wizard (D:14)
  2 fauns
  A merfolk (Shoals:4)
  A tarantella (Spider:4)
  An orc warrior (Orc:2)
  3 centaurs
  An orc priest (Orc:2)
  An orc wizard (Orc:2)
  An orc (Orc:2)
  A fungus (D:3)
  6 plants
  11 tentacles
  3 toadstools (D:13)
  6 withered plants (Gauntlet)
39 creatures vanquished.

Grand Total: 1245 creatures vanquished

Notes
Turn   | Place    | Note
-------+----------+-------------------------------------------
     0 | D:1      | sanboga the Gargoyle Berserker began the quest for the Orb.
     0 | D:1      | Reached XP level 1. HP: 14/14 MP: 1/1
    63 | D:1      | Reached XP level 2. HP: 11/19 MP: 2/2
   780 | D:1      | Reached XP level 3. HP: 23/23 MP: 3/3
  1364 | D:2      | Reached XP level 4. HP: 19/29 MP: 4/4
  1574 | D:2      | Reached ** piety under Trog
  1717 | D:2      | Found a sparkling altar of Nemelex Xobeh.
  2133 | D:2      | Found a shimmering blue altar of Sif Muna.
  2254 | D:3      | Found a runed translucent gate.
  2255 | D:3      | Found a runed translucent gate.
  2256 | D:3      | Found a runed translucent gate.
  2258 | D:3      | Noticed a big kobold
  2258 | D:3      | Noticed MrDNA's ghost (amateur DrWn)
  2261 | D:3      | Noticed a big kobold
  2262 | D:3      | Noticed a big kobold
  2355 | D:3      | Reached XP level 5. HP: 33/33 MP: 5/5
  2937 | D:3      | Killed a big kobold
  2937 | D:3      | Reached XP level 6. HP: 23/39 MP: 6/6
  3161 | D:3      | Cast into level 1 of the Abyss (big kobold)
  3239 | Abyss:1  | Noticed a worldbinder
  3252 | Abyss:1  | Noticed a deep elf mage
  3254 | D:3      | Escaped the Abyss
  3443 | D:3      | Noticed a water moccasin
  3443 | D:3      | a big kobold changed into a water moccasin
  3457 | D:3      | Killed MrDNA's ghost
  3457 | D:3      | Reached skill level 5 in Axes
  3457 | D:3      | Killed a water moccasin
  3457 | D:3      | Reached skill level 5 in Fighting
  3457 | D:3      | Reached XP level 7. HP: 44/44 MP: 7/7
  3621 | D:3      | Noticed a warg
  3621 | D:3      | a big kobold changed into a warg
  3630 | D:3      | Killed a warg
  3745 | D:4      | Reached skill level 5 in Armour
  3751 | D:4      | Reached *** piety under Trog
  3820 | D:4      | You fall into a shaft and drop 2 floors!
  3823 | D:6      | Found a staircase to the Ecumenical Temple.
  3870 | D:5      | Entered Level 5 of the Dungeon
  3902 | D:4      | Found a stormy altar of Qazlal.
  4252 | D:5      | Found Gomid's Antique Armour Shoppe.
  4339 | D:5      | Bought a buckler for 76 gold pieces
  4375 | D:5      | Noticed Sigmund
  4405 | D:5      | Killed Sigmund
  4405 | D:5      | Reached skill level 1 in Shields
  4405 | D:5      | Reached XP level 8. HP: 51/51 MP: 8/8
  4482 | D:5      | Reached skill level 2 in Shields
  4683 | D:5      | Reached skill level 3 in Shields
  5031 | D:5      | Found a glowing golden altar of the Shining One.
  5180 | D:5      | Found a white marble altar of Elyvilon.
  5310 | D:6      | Noticed Grinder
  5317 | D:6      | Killed Grinder
  5468 | D:6      | Reached skill level 4 in Shields
  5615 | D:6      | Reached XP level 9. HP: 36/56 MP: 9/9
  5742 | D:6      | Reached **** piety under Trog
  5805 | D:6      | Reached skill level 5 in Shields
  5928 | D:6      | Noticed Blork the orc
  5943 | D:6      | Killed Blork the orc
  6383 | D:7      | Reached skill level 6 in Shields
  6653 | D:7      | Identified a scroll of acquirement
  6667 | D:7      | Identified a +0 pair of boots of running (You acquired it
                  | on level 7 of the Dungeon)
  6772 | D:8      | Reached XP level 10. HP: 55/63 MP: 10/10
  6784 | D:8      | Noticed a death yak
  6785 | D:8      | Found a staircase to the Lair.
  6785 | D:8      | Noticed a death yak
  6785 | D:8      | Noticed a death yak
  6905 | D:7      | Reached skill level 7 in Shields
  6916 | D:7      | Killed a death yak
  7094 | D:7      | Killed a death yak
  7258 | D:8      | Killed a death yak
  7258 | D:8      | Received a gift from Trog
  7258 | D:8      | Reached skill level 8 in Shields
  7676 | D:8      | Found a runed translucent door.
  7676 | D:8      | Noticed jiveturtle's ghost (novice VSFi)
  7710 | D:8      | Killed jiveturtle's ghost
  7836 | D:8      | Found a basalt altar of Yredelemnul.
  7897 | D:8      | Reached XP level 11. HP: 61/69 MP: 11/11
  8005 | D:8      | Reached skill level 9 in Shields
  8364 | D:8      | Found Xerpheiq's Weapon Shoppe.
  9046 | D:9      | Reached ***** piety under Trog
  9054 | D:9      | Noticed a two-headed ogre
  9070 | D:9      | Killed a two-headed ogre
  9070 | D:9      | Reached skill level 10 in Axes
  9096 | D:9      | Found a staircase to the Orcish Mines.
  9669 | D:9      | Found a radiant altar of Vehumet.
  9890 | D:5      | Bought a faintly glowing plate armour for 476 gold pieces
  9900 | D:5      | Identified the cursed +0 plate armour "Rumoci" {Dex+2} (You
                  | bought it in a shop on level 5 of the Dungeon)
  9962 | Lair:1   | Entered Level 1 of the Lair of Beasts
 10225 | D:10     | Entered Level 10 of the Dungeon
 10245 | D:10     | Noticed Erica
 10271 | D:10     | Killed Erica
 10324 | D:10     | Reached skill level 10 in Shields
 10379 | D:10     | Received a gift from Trog
 10463 | D:10     | Found a hide-covered altar of Uskayaw.
 10496 | D:10     | Noticed a two-headed ogre
 10505 | D:10     | Killed a two-headed ogre
 10572 | D:10     | Noticed Fannar
 10594 | D:10     | Killed Fannar
 11231 | D:10     | Killed an unseen horror
 11548 | D:10     | Reached XP level 12. HP: 76/76 MP: 12/12
 11854 | D:11     | Noticed a two-headed ogre
 11863 | D:11     | Killed a two-headed ogre
 11900 | D:11     | You fall into a shaft and drop 2 floors!
 11981 | D:13     | Reached skill level 11 in Shields
 11997 | D:13     | Found Jaramut's Elemental Accessories.
 12022 | D:12     | Noticed a seven-headed hydra
 12036 | D:12     | Found Jarchueck's General Store.
 12040 | D:12     | Noticed a two-headed ogre
 12097 | D:11     | Noticed a two-headed ogre
 12104 | D:11     | Noticed Urug
 12110 | D:11     | Killed a two-headed ogre
 12563 | D:11     | Reached skill level 10 in Fighting
 12635 | D:11     | Killed Urug
 12983 | D:12     | Bought a scroll of enchant weapon for 105 gold pieces
 12997 | D:12     | Killed a two-headed ogre
 13336 | D:12     | Killed a seven-headed hydra
 13336 | D:12     | Reached skill level 12 in Shields
 13370 | D:12     | Noticed a four-headed hydra
 13377 | D:12     | Killed a seven-headed hydra
 13377 | D:12     | Reached skill level 10 in Armour
 13674 | D:12     | Bought a scroll of enchant weapon for 105 gold pieces
 13763 | D:13     | Reached XP level 13. HP: 51/83 MP: 13/13
 14811 | D:14     | Found a gate to the Vaults.
 14964 | D:14     | Reached skill level 13 in Shields
 15682 | D:14     | Found a sacrificial altar of Ru.
 15755 | D:14     | Found a radiant altar of Vehumet.
 15756 | D:14     | Found a basalt altar of Yredelemnul.
 15756 | D:14     | Found a shadowy altar of Dithmenos.
 15756 | D:14     | Found a sparkling altar of Nemelex Xobeh.
 15765 | D:14     | Gained mutation: Your large and strong wings let you fly
                  | indefinitely. [Gargoyle growth]
 15765 | D:14     | Reached XP level 14. HP: 79/90 MP: 12/14
 15795 | D:14     | Identified the +9 morningstar "Wealyat" {elec, Str+3}
 15833 | D:14     | Received a gift from Trog
 15958 | D:14     | Found a sparkling altar of Nemelex Xobeh.
 16001 | D:14     | Reached skill level 14 in Shields
 16326 | D:15     | Entered Level 15 of the Dungeon
 17120 | D:15     | Found Weaqyc's Armour Boutique.
 17708 | D:15     | Found a staircase to the Depths.
 18038 | D:15     | Noticed Jorgrun
 18049 | D:15     | Killed Jorgrun
 18049 | D:15     | Reached skill level 15 in Shields
 18188 | D:15     | Reached XP level 15. HP: 83/96 MP: 15/15
 18396 | Orc:1    | Entered Level 1 of the Orcish Mines
 18554 | Orc:2    | Entered Level 2 of the Orcish Mines
 18554 | Orc:2    | Noticed Snorg
 18576 | Orc:2    | Found a gate leading to a gauntlet.
 18585 | Gauntlet | Entered a Gauntlet
 18585 | Gauntlet | Found a transporter.
 18585 | Gauntlet | Found a transporter.
 18588 | Gauntlet | Found a transporter.
 18589 | Gauntlet | Found a transporter.
 18592 | Gauntlet | Found the +2 pair of boots of the Assassin {Detection Stab+
                  | Stlth++}
 18599 | Gauntlet | Found a transporter.
 18600 | Gauntlet | Found the +3 pair of gauntlets of War {Slay+5}
 18600 | Gauntlet | Found a transporter.
 18600 | Gauntlet | Found a transporter.
 18621 | Gauntlet | Found a transporter.
 18628 | Gauntlet | Found a transporter.
 18639 | Gauntlet | Found a transporter.
 18659 | Gauntlet | Found a transporter.
 18679 | Gauntlet | Found a transporter.
 19108 | Orc:2    | Reached ****** piety under Trog
 19111 | Orc:2    | Killed Snorg
 19379 | Orc:2    | Got a pair of spiked gloves
 19564 | Orc:2    | Received a gift from Trog
 19695 | Orc:2    | Found a staircase to the Elven Halls.
 20078 | Orc:2    | Found Nonoug's Armour Shoppe.
 20078 | Orc:2    | Found Unips's Book Boutique.
 20082 | Orc:2    | Found Xyqerotypsu's Antique Armour Boutique.
 20082 | Orc:2    | Found Keorph's Assorted Antiques.
 20097 | Orc:2    | Bought a scroll of enchant armour for 210 gold pieces
 20097 | Orc:2    | Bought 2 scrolls of blinking for 420 gold pieces
 20233 | Orc:2    | Bought a runed cloak for 255 gold pieces
 20440 | Lair:1   | You are sucked into a shaft and drop 1 floor!
 20456 | Lair:2   | Found a staircase to the Shoals.
 20475 | Lair:2   | Found a dark tunnel.
 20486 | Volcano  | Entered a volcano
 20606 | Volcano  | Received a gift from Trog
 20624 | Volcano  | Found a bloodstained altar of Trog.
 20678 | Volcano  | Found a bloodstained altar of Trog.
 20926 | Orc:2    | Bought a crude granite ring for 140 gold pieces
 20926 | Orc:2    | Bought a scroll of identify for 56 gold pieces
 20926 | Orc:2    | Identified the ring "Bacy" {*Tele MR+ Str+3 Int+4} (You
                  | bought it in a shop on level 2 of the Orcish Mines)
 21094 | Lair:1   | Reached skill level 16 in Shields
 21792 | Lair:1   | Identified the +4 pair of gloves of Okawaru's Condemnation
                  | {rPois Regen+ Int-5} (You acquired it on level 2 of the
                  | Orcish Mines)
 22084 | Lair:2   | Noticed Gastronok
 22098 | Lair:2   | Killed Gastronok
 22098 | Lair:2   | Reached skill level 15 in Axes
 22607 | Shoals:1 | Entered Level 1 of the Shoals
 22654 | Lair:3   | Received a gift from Trog
 22657 | Lair:3   | Reached XP level 16. HP: 98/104 MP: 16/16
 22682 | Lair:3   | Found a hole to the Spider Nest.
 25320 | Lair:6   | Entered Level 6 of the Lair of Beasts
 25356 | Lair:6   | Received a gift from Trog
 25359 | Lair:6   | Found a frozen archway.
 25447 | Lair:6   | Found a staircase to the Slime Pits.
 25595 | Lair:6   | Received a gift from Trog
 25818 | Lair:6   | Reached skill level 17 in Shields
 26378 | Spider:1 | Entered Level 1 of the Spider Nest
 26593 | Spider:1 | Received a gift from Trog
 26593 | Spider:1 | Reached XP level 17. HP: 82/110 MP: 17/17
 26697 | Spider:1 | Got a pitted cloak
 26708 | Spider:1 | Identified the cursed +0 cloak of Quycien {-Tele MP+9
                  | Stlth+} (You found it on level 1 of the Spider Nest)
 26966 | Spider:1 | Got a scintillating glass ring
 28233 | Spider:2 | Identified the ring "Duuneh" {Ice +Blink rN+} (You found it
                  | on level 1 of the Spider Nest)
 28297 | Spider:3 | Received a gift from Trog
 28434 | Spider:3 | Reached skill level 18 in Shields
 29366 | Spider:4 | Entered Level 4 of the Spider Nest
 29809 | Spider:4 | Received a gift from Trog
 29939 | Spider:4 | Noticed Arachne
 30230 | Spider:4 | Killed Arachne
 30310 | Spider:4 | Reached XP level 18. HP: 75/117 MP: 0/18
 30826 | Spider:4 | Got a gossamer rune of Zot
 31511 | Shoals:1 | Reached skill level 19 in Shields
 31991 | Shoals:2 | Received a gift from Trog
 32214 | Shoals:2 | Reached skill level 15 in Fighting
 33056 | Shoals:3 | Reached skill level 15 in Armour
 33132 | Shoals:3 | Received a gift from Trog
 33724 | Shoals:4 | Entered Level 4 of the Shoals
 33733 | Shoals:4 | Found Saaficas's Antique Weapon Shoppe.
 33742 | Shoals:4 | Reached XP level 19. HP: 104/124 MP: 19/19
 34082 | Shoals:4 | Noticed Ilsuiw
 34355 | Shoals:4 | Killed from afar by Ilsuiw

Levels and vault maps discovered:
D:1:      elethiomel_arrival_maze, layout_basic, minmay_misc_feat_pillars
D:2:      layout_loops_corners, nemelex_xobeh_ov_fountains_minmay,
          lemuel_blue_sif_altar, chequers_serial_rivers_micro_d
D:3:      layout_rooms, gammafunk_ghost_nasty_kobolds
D:4:      layout_rooms, first_ration, grunt_qazlal_clouds
D:5:      layout_layer_cave, nicolae_tso_swordbearing_angel, elyvilon_altar_3,
          serial_shops, shop, uniq_sigmund
D:6:      layout_basic, minmay_temple_entry_arrows,
          minmay_misc_feat_more_columns, uniq_blork_the_orc, uniq_grinder
D:7:      layout_rooms
D:8:      layout_layer_cave, old_standard_altar, dpeg_lair_monsters,
          serial_shops, nicolae_shop_waterfront, ebering_ghost_reflecting_pool,
          grunt_ogre_cave
D:9:      layout_basic, vehumet_statue, hiddenorc2_lemuel,
          minmay_stone_trees_small
D:10:     layout_basic, basic_altar, uniq_fannar, uniq_erica
D:11:     layout_basic, uniq_urug
D:12:     layout_cave_pools, serial_shops, shop, kennysheep_path_1
D:13:     layout_roguey, minmay_gold_behind_fungi, nicolae_elemental_shop
D:14:     minmay_the_grid_octo_tiled_squarecenter
          [minmay_the_grid_octo_fan_narrow, minmay_the_grid_octo_horde,
          minmay_the_grid_octo_shrine, minmay_the_grid_octo_vomiting_pacman,
          minmay_the_grid_square_5x5_megaprize_diamond,
          minmay_the_grid_square_5x5_three, minmay_the_grid_square_5x5_plus,
          minmay_the_grid_square_5x5_minibox,
          minmay_the_grid_square_5x5_n_small], layout_basic, david_vaults_2,
          nicolae_ru_sacrificial_ziggurat
D:15:     gammafunk_enter_depths_forms, layout_stronghold, serial_shops,
          nicolae_shop_waterfront, uniq_jorgrun
Lair:1:   beast_lair_carwin_large_3, layout_hall_layers, special_room
          [special_room_bee], minmay_lair_oklob_chamber
Lair:2:   layout_roguey, elwin_shoals_entry_rocks, enter_volcano_2,
          uniq_gastronok
Lair:3:   layout_cave_pods, spider_nest_entry_a, beast_lair_carwin_3,
          grunt_megastairs_2
Lair:4:   layout_cave_pods, serial_bayou, serial_bayou_shore_a,
          serial_bayou_pond_e, serial_bayou_pond_d, serial_bayou_crossing,
          serial_bayou_shore_b, grunt_megastairs_4
Lair:5:   layout_loops_ring, st_stairs_9
Lair:6:   evilmike_catoblepas_cave, layout_loops_ring,
          minmay_slime_entry_pillars, portal_ice_cave_entry_ice_beasts,
          chequers_serial_rivers_marsh, serial_bayou_ford_a,
          kennysheep_abandoned_house
Shoals:1: layout_shoals
Shoals:2: layout_shoals
Shoals:3: layout_shoals
Shoals:4: shoals_end_grunt_ice, layout_shoals, shoals_ilsuiw_ice, serial_shops,
          nicolae_shop_stone, nicolae_shop_window_shopping
Spider:1: cheibrodos_spider_silkery, drop_trap
Spider:2: layout_chambers
Spider:3: layout_chambers, drop_trap
Spider:4: johnstein_spider_rune_arachne_lair
Orc:1:    layout_caves, ebering_ghost_gozag, uniq_josephine, uniq_maurice
Orc:2:    grunt_orc_tribal_feast, layout_caves, gauntlet_entry_generic,
          uniq_snorg

Skill      XL: |  1  2  3  4  5  6  7  8  9 10 11 12 13 14 15 16 17 18 |
---------------+-------------------------------------------------------+-----
Axes           | 3 4 5 6 7 8 9 10 11 13 14 15 16 17 | 17.8
Armour         | 3 4 5 6 7 8 9 10 11 12 13 14 15 | 15.2
Fighting       | 4 5 6 7 8 9 10 11 12 13 14 15 | 15.3
Shields        | 1 4 6 8 10 12 13 15 16 17 18 19 | 19.7
Dodging        | |  1.5

Action                   |  1- 3 |  4- 6 |  7- 9 | 10-12 | 13-15 | 16-18 | 19-21 || total
-------------------------+-------+-------+-------+-------+-------+-------+-------++-------
Melee: Hand axe          |   119 |   227 |   475 |   327 |       |       |       ||  1148
       War axe           |       |       |       |   639 |       |       |       ||   639
       Broad axe         |       |       |       |    12 |   824 |  1159 |   104 ||  2099
Invok: Berserk           |     1 |     6 |     5 |    15 |    14 |     2 |       ||    43
       Brothers in Arms  |       |       |       |     1 |     4 |       |       ||     5
 Abil: Fly               |       |       |       |       |     1 |       |       ||     1
Evoke: Wand              |       |     3 |     1 |     1 |     2 |       |       ||     7
  Use: Scroll            |     4 |     5 |     7 |    12 |    14 |    10 |     2 ||    54
       Potion            |       |     2 |       |     1 |     3 |       |     3 ||     9
 Stab: Invisible         |       |     1 |       |     5 |       |       |       ||     6
       Distracted        |       |       |       |     1 |       |       |       ||     1
       Petrified         |       |       |       |       |       |     2 |       ||     2
  Eat: Chunk             |     3 |     7 |     7 |    29 |    25 |    37 |       ||   108
       Ration            |       |     1 |     3 |     3 |     5 |       |     1 ||    13
Armor: Animal skin       |    18 |       |       |       |       |       |       ||    18
       Chain mail        |    61 |   162 |   124 |       |       |       |       ||   347
       Plate armour      |       |       |   173 |   602 |   523 |   721 |   108 ||  2127
Dodge: Dodged            |    80 |   124 |   183 |   336 |   210 |   285 |    39 ||  1257
Block: Buckler           |       |       |   102 |   400 |   130 |       |       ||   632
       Reflection        |       |       |       |    26 |    23 |    39 |     6 ||    94
       Shield            |       |       |       |       |   446 |  1028 |   114 ||  1588
